 Dungeon Crawl Stone Soup version 0.30.0-30-g96aa6591b8 (webtiles) character file.

Game seed: 1910530941407368660

0 croobank the Caller (level 1, -1/11 HPs)
             Began as an Octopode Summoner on June 28, 2023.
             Slain by a quokka (4 damage)
             ... on level 1 of the Dungeon.
             The game lasted 00:00:13 (30 turns).

croobank the Caller (Octopode Summoner)               Turns: 30, Time: 00:00:14

Health: -1/11      AC:  1    Str:  7    XL:     1   Next: 0%
Magic:  0/3        EV: 13    Int: 17    God:
Gold:   0          SH:  0    Dex: 12    Spells: 3/4 levels left

rFire   . . .        (no weapon)
rCold   . . .        (no shield)
rNeg    . . .        (helmet restricted)
rPois   .            (no amulet)
rElec   .            (no ring)
rCorr   .            (no ring)
SInv    .            (no ring)
Will    .....        (no ring)
Stlth   +++          (no ring)
HPRegen 0.21/turn    (no ring)
MPRegen 0.08/turn    (no ring)
                     (no ring)

%: no passive effects
@: no status effects
A: almost no armour, amphibious, 8 rings, camouflage 1, gelatinous body 1,
(nimble swimmer 1), tentacles
a: no special abilities


You were on level 1 of the Dungeon.
You visited 1 branch of the dungeon, and saw 1 of its levels.

Inventory:

Potions
 a - a potion of magic


   Skills:
 + Level 2.0 Dodging
 + Level 2.6 Stealth
 + Level 2.0 Spellcasting
 + Level 4.0 Summonings


You had 3 spell levels left.
You knew the following spells:

 Your Spells              Type           Power      Damage    Failure   Level
a - Summon Small Mammal   Summ           60%        N/A       3%          1

Your spell library contained the following spells:

 Spells                   Type           Power      Damage    Failure   Level
 Call Imp                 Summ           30%        N/A       5%          2
 Call Canine Familiar     Summ           15%        N/A       11%         3
 Summon Guardian Golem    Hex/Summ       8%         N/A       26%         3
 Summon Lightning Spire   Summ/Air       8%         N/A       63%         4


Dungeon Overview and Level Annotations

Branches:
Dungeon (1/15)

Altars:


Innate Abilities, Weirdness & Mutations

You cannot wear most types of armour.
You are amphibious.
You can wear up to eight rings at the same time.
Your skin changes colour to match your surroundings (Stealth+).
Your rubbery body absorbs attacks. (AC +1, EV +1)
((You are camouflaged when in or above water. (Stealth+)))
You have tentacles for arms and can constrict up to eight enemies at once.


Message History

Your quokka completely misses the kobold.
The quokka bites you.
Your rat barely misses the kobold.
The quokka attacks as you move away! The quokka barely misses you.
Your rat closely misses the kobold.
The kobold barely misses you.
You swap places.
Your quokka closely misses the kobold.
The quokka barely misses your quokka.
Your rat closely misses the kobold.
The kobold barely misses you.
Your quokka closely misses the kobold.
The quokka bites your quokka but does no damage.
Your rat closely misses the kobold.
The kobold hits your rat with a +0 dagger.
Your rat dies!
Your rat's corpse disappears in a puff of smoke!
Casting: Summon Small Mammal (safe; 3% risk of failure)
Confirm with . or Enter, or press ? or * to list all spells.
Your quokka barely misses the kobold. x2
You barely miss the quokka. Your grab misses the quokka.
Your quokka closely misses the quokka.
The quokka bites you but does no damage.
The kobold hits you with a +0 dagger.
You barely miss the quokka. Your grab misses the quokka.
Your squeeze misses the quokka.
Your quokka closely misses the quokka.
The quokka misses you.
Your rat bites the quokka but does no damage.
The kobold hits you with a +0 dagger. The quokka attacks as you move away!
The quokka bites you.
* * * LOW HITPOINT WARNING * * *
Found a coppery potion.
Your quokka bites the quokka.
The quokka bites your rat.
Your rat dies!
Your rat's corpse disappears in a puff of smoke!
The kobold throws a stone.
The stone hits you.
* * * LOW HITPOINT WARNING * * *
Your quokka bites the quokka.
Casting: Summon Small Mammal (safe; 3% risk of failure)
Confirm with . or Enter, or press ? or * to list all spells.
The quokka closely misses you.
Your quokka bites the kobold.
The kobold dies!
The quokka bites you.
You die...

..##..§........
.....≈≈≈≈...##.§§§≈§§...
....≈≈≈≈≈≈.....§≈≈≈≈≈§..
. ...≈≈≈≈≈≈.....§§≈><≈≈..
#. #.≈≈≈≈≈≈......≈.≈≈≈≈..
##.#..≈≈≈≈..####..≈≈≈§...
.........r.# ##........
...........# #.#######
....!...@..## ##.#
........r...####..#
........)r.......##
................##
.............####
!..........###
..........## ###########


You could see a quokka (ally target), a friendly quokka (summoned) and a
friendly rat (summoned).

Vanquished Creatures (collateral kills)
  A kobold (D:1)
1 creature vanquished.

Notes
Turn   | Place    | Note
-------+----------+-------------------------------------------
     0 | D:1      | croobank the Octopode Summoner began the quest for the Orb.
     0 | D:1      | Reached XP level 1. HP: 11/11 MP: 3/3
    30 | D:1      | Slain by a quokka

Illustrated notes

Levels and vault maps discovered:
D:1:      dpeg_arrival_pits, layout_rooms, roderic_three_in_a_row,
          minmay_lizard_king

Action                     || total
---------------------------++-------
  Melee: Unarmed           ||     2
   Cast: Summon Small Mamm ||     4
 Armour: Skin              ||     1
  Dodge: Dodged            ||     7
